 Dungeon Crawl Stone Soup version 0.31.0-10-gcf4a605ca0 (webtiles) character file.

Game seed: 12662297222498177180

718 zenocrate the Sneak (level 7, -8/32 HPs)
             Began as a Vine Stalker Enchanter on Jan 24, 2024.
             Was an Initiate of Gozag.
             Mangled by a gnoll sergeant
             ... wielding a +0 long sword
              (10 damage)
             ... on level 5 of the Dungeon on Jan 25, 2024.
             The game lasted 00:07:50 (4498 turns).

zenocrate the Sneak (Vine Stalker Enchanter)        Turns: 4498, Time: 00:07:51

Health: -8/32      AC:  6    Str: 10    XL:     7   Next: 70%
Magic:  0/11       EV: 13    Int: 15    God:    Gozag
Gold:   219        SH:  5    Dex: 17    Spells: 1/10 levels left

rFire   . . .        b - +1 dagger (elec)
rCold   . . .        (no shield)
rNeg    . . .        d - +0 robe
rPois   .            i - +2 hat {Will+}
rElec   .            (no cloak)
rCorr   .            l - +0 pair of gloves
SInv    .            k - +0 pair of boots
Will    +....        y - amulet of reflection
Stlth   +++          w - ring of wizardry
HPRegen 1.05/turn    (no ring)
MPRegen 0.12/turn

%: reflection, guardian spirit, wizardry (x1)
@: very slightly contaminated
A: fangs 2, regeneration 1, magic shield, antimagic bite, no potion heal 2
a: Renounce Religion, Potion Petition, Call Merchant, Bribe Branch


You were on level 5 of the Dungeon.
You worshipped Gozag.
Gozag was aware of your devotion.
You visited 2 branches of the dungeon, and saw 6 of its levels.
You also visited: Sewer.

You collected 280 gold pieces.
You paid 61 gold pieces to Gozag.

Inventory:

Hand Weapons
 a - a +1 dagger
 b - a +1 dagger of electrocution (weapon)
Missiles
 o - 3 boomerangs
 x - 7 poisoned darts (quivered)
Armour
 d - a +0 robe (worn)
 i - a +2 hat of willpower (worn)
 k - a +0 pair of boots (worn)
 l - a +0 pair of gloves (worn)
 m - a +0 tower shield
Jewellery
 w - a ring of wizardry (left hand)
 y - an amulet of reflection (around neck)
Wands
 n - a wand of charming (8)
 v - a wand of iceblast (9)
 B - a wand of acid (5)
Scrolls
 e - a scroll of silence {unknown}
 j - a scroll of brand weapon {unknown}
 p - 2 scrolls of blinking
 q - a scroll of poison
 r - 2 scrolls of teleportation {unknown}
 t - 4 scrolls of vulnerability
 u - a scroll of enchant armour {unknown}
 A - a scroll of noise {unknown}
 D - a scroll of enchant weapon {unknown}
 F - 3 scrolls of identify
Potions
 c - 2 potions of invisibility
 f - 2 potions of curing
 g - 3 potions of lignification
 h - a potion of resistance
 s - 2 potions of enlightenment
 z - a potion of haste
 C - a potion of degeneration {unknown}
 E - a potion of mutation {unknown}
 G - a potion of might {unknown}


   Skills:
 + Level 3.1 Short Blades
 + Level 3.2 Dodging
 + Level 5.7 Stealth
 - Level 2.1 Spellcasting
 + Level 4.5 Hexes
 + Level 3.2 Ice Magic
 + Level 2.0 Evocations


You had one spell level left.
You knew the following spells:

 Your Spells              Type           Power      Damage    Failure   Level
a - Ensorcelled Hibernat  Hex/Ice        26%        N/A       2%          2
b - Confusing Touch       Hex            15%        N/A       4%          3
c - Tukima's Dance        Hex            15%        N/A       4%          3
m - Apportation           Tloc           2%         N/A       9%          1

Your spell library contained the following spells:

 Spells                   Type           Power      Damage    Failure   Level
 Foxfire                  Conj/Fire      4%         2x1d4     9%          1
 Necrotise                Necr           4%         1d4       9%          1
 Sting                    Conj/Alch      4%         1d3       9%          1
 Summon Small Mammal      Summ           4%         N/A       9%          1
 Dazzling Flash           Conj/Hex       16%        N/A       11%         3
 Plasma Beam              Fire/Air       0%         2x1d10    100%        6
 Starburst                Conj/Fire      0%         6d3       100%        6


Dungeon Overview and Level Annotations

Branches:
Dungeon (5/15)             Temple (1/1) D:4           Sewer (visited)

Altars:
Ashenzari
Cheibriados
Dithmenos
Elyvilon
Fedhas
Gozag
Kikubaaqudgha
Makhleb
Nemelex Xobeh
Ru
Trog
Uskayaw
Vehumet
Wu Jian
Xom
Zin
The Shining One


Innate Abilities, Weirdness & Mutations

You have extremely sharp teeth.
Your natural rate of healing is unusually fast.
When hurt, damage is shared between your health and your magic reserves.
Your bite disrupts and absorbs the magic of your enemies.
Potions cannot restore your health.


Message History

The gnoll misses you.
Unknown command.
You hit the gnoll sergeant but do no damage.
You bite the gnoll sergeant. You drain its power.
You feel invigorated.
The gnoll sergeant is severely wounded.
The gnoll sergeant completely misses you.
The gnoll closely misses you.
Unknown command.
Casting: Ensorcelled Hibernation (safe; 2% risk of failure)
Confirm with . or Enter, or press ? or * to list all spells.
Aiming: Ensorcelled Hibernation (safe; 2% risk of failure)
Press: ? - help, Shift-Dir - straight line, f/p - gnoll sergeant
Aim: a gnoll sergeant, wielding a +0 long sword, wearing a +1 ring mail of positive energy and wearing a +0 buckler (severely wounded, chance to affect: 47%)
The gnoll sergeant resists with some effort.
The gnoll sergeant closely misses you. The gnoll hits you with a +0 club.
Casting: Ensorcelled Hibernation (safe; 2% risk of failure)
Confirm with . or Enter, or press ? or * to list all spells.
Aiming: Ensorcelled Hibernation (safe; 2% risk of failure)
Press: ? - help, Shift-Dir - straight line, f/p - gnoll sergeant
Aim: a gnoll sergeant, wielding a +0 long sword, wearing a +1 ring mail of positive energy and wearing a +0 buckler (severely wounded, chance to affect: 47%)
You miscast Ensorcelled Hibernation.
You are very lightly contaminated with residual magic.
Nothing appears to happen.
The orc priest casts a cantrip, but nothing happens.
You block the gnoll sergeant's attack. The gnoll hits you with a +0 club.
Casting: Ensorcelled Hibernation (safe; 2% risk of failure)
Confirm with . or Enter, or press ? or * to list all spells.
You don't have enough magic to cast this spell.
Unknown command.
Unknown command.
You hit the gnoll sergeant but do no damage.
You bite the gnoll sergeant, but do no damage.
The gnoll sergeant is severely wounded.
The orc priest calls down the wrath of Beogh upon you.
Beogh smites you!
* * * LOW HITPOINT WARNING * * *
An orc comes into view. It is wielding a +0 short sword.
The gnoll sergeant hits you with a +0 long sword!
You die...
Your body crumbles into a pile of gold.

○☼§☼.○○§§#
o○§§☼.○§§○
o§o°§§○§§# ...
.○§○○°°.☼# ...
°○§§§☼§§○# ....
§§§○☼○§○§# ...§.
°○°§○.☼°○##°☼○§.
°☼☼§§°☼@g○☼§☼§..
§§######g°#§.○§ .
#..§## # .. ##.###
...###..########
..)..g.....#....
.............####
...g............# .
.......
..g.........###.###
#.


You could see an orc warrior, a gnoll sergeant, an orc priest, a gnoll and an
orc (wandering).

Vanquished Creatures
  An ogre (D:5)
  2 bullfrogs (Sewer)
  A bombardier beetle (D:4)
  2 hounds (D:4)
  2 sleepcaps (D:4)
  An orc wizard (D:5)
  13 adders
  A gnoll (D:5)
  12 dart slugs
  2 ribbon worms
  8 orcs
  12 ball pythons
  18 endoplasms
  18 giant cockroaches
  6 hobgoblins
  20 jackals
  11 kobolds
  4 quokkas
  12 bats
  13 frilled lizards
  6 goblins
  6 rats
171 creatures vanquished.

Notes
Turn   | Place    | Note
-------+----------+-------------------------------------------
     0 | D:1      | zenocrate the Vine Stalker Enchanter began the quest for
                  | the Orb.
     0 | D:1      | Reached XP level 1. HP: 9/9 MP: 4/4
    46 | D:1      | Reached skill level 1 in Short Blades
    59 | D:1      | Reached XP level 2. HP: 11/13 MP: 3/6
   106 | D:1      | Found a faded altar of an unknown god.
   256 | D:1      | Reached skill level 4 in Stealth
   340 | D:1      | Learned a level 2 spell: Ensorcelled Hibernation
   354 | D:1      | Reached XP level 3. HP: 16/16 MP: 4/7
   358 | D:1      | Learned a level 3 spell: Confusing Touch
   859 | D:2      | Reached skill level 1 in Ice Magic
   955 | D:2      | Reached XP level 4. HP: 21/21 MP: 8/8
  1337 | D:2      | Found a sparkling altar of Nemelex Xobeh.
  1957 | D:3      | Reached XP level 5. HP: 24/24 MP: 7/9
  1961 | D:3      | Learned a level 3 spell: Tukima's Dance
  2681 | D:4      | Found a staircase to the Ecumenical Temple.
  2747 | D:4      | Reached XP level 6. HP: 28/28 MP: 10/10
  2850 | D:4      | Reached skill level 1 in Evocations
  2933 | D:4      | Found a glowing drain.
  2961 | Sewer    | Entered a sewer
  2986 | Sewer    | Reached skill level 5 in Stealth
  3505 | Sewer    | Reached XP level 7. HP: 32/32 MP: 7/11
  3512 | Sewer    | Upgraded the game from 0.31.0-7-gf635a9b802 to
                  | 0.31.0-10-gcf4a605ca0
  3715 | Sewer    | Learned a level 1 spell: Apportation
  3831 | D:4      | Identified the +3 long sword "Lifebane" {vamp, rF+}
  4228 | Temple   | Entered the Ecumenical Temple
  4247 | Temple   | Became a worshipper of Gozag Ym Sagoz the Greedy
  4288 | D:5      | Entered Level 5 of the Dungeon
  4498 | D:5      | Mangled by a gnoll sergeant

Illustrated notes

Levels and vault maps discovered:
D:1:      minmay_arrival_four_loops, layout_rooms, shapermc_ecumenical_altar_gd,
          minmay_misc_feat_square, minmay_lizard_pond
D:2:      layout_basic, basic_altar
D:3:      minmay_octagon_keep, layout_loops_ring
D:4:      layout_basic, minmay_temple_entry_overgrown, portal_sewer_entry_f,
          serial_rivers, chequers_serial_rivers_micro_a,
          chequers_serial_rivers_micro_c, chequers_serial_rivers_micro_c,
          chequers_serial_rivers_small_b, chequers_serial_rivers_micro_c
D:5:      layout_rooms, serial_shops, nicolae_shop_real_fake_doors,
          chequers_avenue, hangedman_decor_riveting
Temple:   nicolae_temple_bog_church

Skill      XL: |  1  2  3  4  5  6  7 |
---------------+----------------------+-----
Short Blades   | 1 2 3 |  3.1
Stealth        | 4 5 |  5.7
Dodging        | 2 3 |  3.2
Ice Magic      | 1 2 3 |  3.2
Evocations     | 1 2 |  2.0
Hexes          | 4 |  4.5
Spellcasting   | |  2.1

Action                     |  1- 3 |  4- 6 |  7- 9 || total
---------------------------+-------+-------+-------++-------
  Melee: Dagger            |   100 |   337 |    49 ||   486
         Bite              |    20 |    67 |    16 ||   103
         Punch             |     2 |     2 |     2 ||     6
   Cast: Ensorcelled Hiber |     4 |    21 |    17 ||    42
         Confusing Touch   |       |     2 |       ||     2
    Use: Scroll            |       |     7 |     2 ||     9
   Stab: Sleeping          |    14 |    27 |     7 ||    48
         Confused          |       |     1 |       ||     1
 Armour: Robe              |    50 |   176 |    32 ||   258
  Dodge: Dodged            |    78 |   220 |    37 ||   335
  Block: Other             |       |    23 |    13 ||    36
         Reflection        |       |     4 |       ||     4
